 Dungeon Crawl Stone Soup version 0.25-a0-55-g0753fd1ad2 (webtiles) character file.

Game seed: 13177727880994672496, levelgen mode: deterministic

33837 Peloso the Fencer (level 13, 0/119 HPs)
             Began as a Minotaur Fighter on Oct 25, 2019.
             Was the Champion of Okawaru.
             Slain by a salamander
             ... wielding a +0 trident
              (13 damage)
             ... in a volcano.
             The game lasted 00:40:21 (17014 turns).

Peloso the Fencer (Minotaur Fighter)               Turns: 17014, Time: 00:40:21

Health: 0/119      AC: 17    Str: 23    XL:     13   Next: 38%
Magic:  12/12      EV:  9    Int:  5    God:    Okawaru [******]
Gold:   1612       SH: 14    Dex: 13    Spells: 12/12 levels left

rFire    . . .     SeeInvis .   a - +5 scimitar (freeze)
rCold    . . .     Gourm    .   c - +1 shield
rNeg     . . .     Faith    .   d - +0 plate armour
rPois    .         Spirit   .   k - +0 hat {MR+}
rElec    .         Reflect  .   (no cloak)
rCorr    .         Harm     .   g - +0 pair of gloves
MR       ++...                  (no boots)
Stlth    ..........             G - amulet of the acrobat
HPRegen  0.29/turn              (no ring)
MPRegen  0.13/turn              D - ring of protection from magic

@: no status effects
A: retaliatory headbutt, horns 2
a: Heroism, Finesse, Renounce Religion


You were in a volcano.
You worshipped Okawaru.
Okawaru was exalted by your worship.
You were not hungry.

You visited 4 branches of the dungeon, and saw 20 of its levels.
You also visited: Volcano.

You collected 1612 gold pieces.

Inventory:

Hand Weapons
 a - a +5 scimitar of freezing (weapon)
 b - a +0 scimitar of flaming
Armour
 c - a +1 shield (worn)
 d - a +0 plate armour (worn)
 g - a +0 pair of gloves (worn)
 k - a +0 hat of magic resistance (worn)
Jewellery
 j - an uncursed ring of see invisible
 l - an uncursed ring of protection from magic
 m - an uncursed ring of protection from fire
 o - an uncursed ring of flight
 r - an uncursed ring of protection from magic
 D - a ring of protection from magic (right hand)
 G - an amulet of the acrobat (around neck)
 T - an uncursed ring of protection from fire
Wands
 t - a wand of enslavement (8)
 w - a wand of flame (25)
Scrolls
 h - 9 scrolls of identify
 i - 5 scrolls of teleportation
 n - a scroll of enchant armour
 q - 3 scrolls of noise
 s - 4 scrolls of fog
 u - 5 scrolls of remove curse
 x - 2 scrolls of amnesia
 B - a scroll of blinking
 F - a scroll of fear
 I - 3 scrolls of random uselessness
Potions
 e - a potion of resistance {unknown}
 v - 2 potions of invisibility
 A - 6 potions of flight
 E - 2 potions of might
 H - 3 potions of curing
 K - a potion of haste
 P - 5 potions of berserk rage {unknown}
 S - a potion of agility
Comestibles
 f - 20 rations


   Skills:
 + Level 12.4 Fighting
 + Level 15.1 Long Blades
 + Level 12.5 Armour
 + Level 4.7 Dodging
 + Level 2.0 Stealth
 + Level 13.7 Shields
 + Level 0.8 Invocations
 + Level 0.5 Evocations


You had 12 spell levels left.
You didn't know any spells.
Your spell library contained the following spells:

 Spells                   Type           Power        Failure   Level  Hunger
 Animate Skeleton         Necr           N/A          100%        1    ##.....
 Apportation              Tloc           #.....       100%        1    ##.....
 Confusing Touch          Hex            #.....       100%        1    ##.....
 Corona                   Hex            #......      100%        1    ##.....
 Summon Small Mammal      Summ           #...         100%        1    ##.....
 Ensorcelled Hibernation  Hex/Ice        #.....       100%        2    ###....
 Confuse                  Hex            #.......     100%        3    ####...
 Dazzling Spray           Conj/Hex       #.....       100%        3    ####...
 Tukima's Dance           Hex            #.......     100%        3    ####...


Dungeon Overview and Level Annotations

Branches:
Dungeon (13/15)            Temple (1/1) D:4            Lair (6/6) D:10
 Shoals (0/4) Lair:2       Spider (0/4) Lair:3          Orc (1/2) D:9
Volcano (1/1)
  Slime: Lair:5-6    Vaults: D:13-14

Altars:
Ashenzari
Cheibriados
Dithmenos
Elyvilon
Fedhas
Gozag
Hepliaklqana
Kikubaaqudgha
Makhleb
Nemelex Xobeh
Okawaru
Qazlal
Ru
Sif Muna
Trog
Uskayaw
Vehumet
Wu Jian
Xom
Yredelemnul
Zin
The Shining One
Jiyva

Shops:
D:5 *   D:13 **   Orc:1 [

Annotations:
D:10 4 runed translucent doors, Arixos's ghost, journeyman OpNe
D:13 3 runed translucent doors, exclusions: ice statue and 2 obsidian statues, Hiufroch's ghost, journeyman TrWz


Innate Abilities, Weirdness & Mutations

You reflexively headbutt those who attack you in melee.
You have a pair of horns on your head.


Message History

You headbutt the salamander.
The salamander is heavily wounded.
The salamander hits you but does no damage.
Unknown command.
You hit the salamander but do no damage.
You headbutt the salamander, but do no damage.
The salamander is heavily wounded.
The salamander hits you with a +0 trident!
* * * LOW HITPOINT WARNING * * *
You are engulfed in flames!
* * * LOW HITPOINT WARNING * * *
You hit the salamander but do no damage.
The salamander is heavily wounded.
You hit the salamander. You freeze the salamander.
The salamander is heavily wounded.
You block the salamander's attack.
You hit the salamander. You freeze the salamander.
The salamander is severely wounded.
The salamander hits you with a +0 trident!
You die...

.≈≈≈§ ... ....#
...#####...####
#.##...##..##.## #
#.#...[.#..#.#∩# #.
#.#.))..#..#.#∩# ##.#
##.##)).##..#'###
#'##...#####...##)##....##
..............(N@).....##≈≈
≈≈.≈≈.≈.≈...≈≈≈.≈≈..≈.≈≈≈≈≈≈
≈.≈.≈.≈≈≈≈≈≈≈.≈.≈.≈≈≈≈≈≈≈≈≈≈
≈≈≈≈≈≈≈≈≈≈≈≈≈≈≈≈≈≈≈≈≈≈≈≈≈≈≈≈≈
≈≈≈≈≈≈≈≈≈≈≈≈≈≈≈≈≈≈≈≈≈≈≈≈≈≈≈≈≈
≈≈≈≈≈≈≈≈≈≈≈≈≈≈≈≈≈≈≈≈≈≈≈≈≈≈≈≈≈
≈≈≈≈≈≈≈≈≈≈≈≈≈≈≈≈≈≈≈≈≈≈≈≈≈≈≈≈≈
≈≈≈≈≈≈≈≈≈≈≈≈≈≈≈≈≈≈≈≈≈≈≈≈≈≈≈≈
≈≈≈≈≈≈≈≈≈≈≈≈≈≈≈≈≈


You could see a salamander.

Vanquished Creatures
  Nessos (D:13)
  Harold (Lair:1)
  A hydra (Lair:2)
  A catoblepas (D:13)
  3 two-headed ogres
  A hell hog (Volcano)
  Nergalle (Lair:1)
  5 skeletal warriors
  An orc knight (D:9)
  An orc sorcerer (D:9)
  An ugly thing (D:11)
  2 cyclopes
  A salamander (Volcano)
  A manticore (D:12)
  A spiny frog (Lair:1)
  A centaur skeleton (D:12)
  3 komodo dragons
  An efreet (D:13)
  2 trolls
  A hornet (D:12)
  3 polar bears (Lair:2)
  5 hippogriffs
  A snapping turtle (Lair:2)
  7 slime creatures
  A spriggan (D:7)
  A vampire (D:12)
  A shadow (D:13)
  A water elemental (D:12)
  A redback (Lair:3)
  A wyvern (D:8)
  18 yaks
  2 basilisks
  A fire bat (Volcano)
  A hungry ghost (D:10)
  Grum (Lair:1)
  3 vampire mosquitoes (D:13)
  12 water moccasins
  Duvessa (D:4)
  10 porcupines
  2 sky beasts
  12 black bears
  A hornet zombie (D:8)
  4 ice beasts
  12 orc warriors
  The ghost of confidenceinterval the Skirmisher, an amateur DsMo (D:3)
  A necrophage (D:8)
  13 ogres
  12 wolves
  4 centaurs
  A crocodile (Lair:2)
  A big kobold (D:8)
  15 bullfrogs
  Dowan (D:4)
  6 scorpions
  12 wights
  10 howler monkeys
  3 electric eels
  3 centaur zombies
  A bullfrog zombie (D:11)
  7 jellies
  5 hounds
  10 orc priests
  5 bullfrog skeletons
  3 iguanas
  Terence (D:2)
  10 orc wizards
  9 worker ants
  2 hound zombies
  A hound skeleton (D:8)
  15 adders
  2 shadow imps (D:10)
  6 worms
  6 dart slugs
  7 leopard geckos
  72 orcs
  11 giant cockroaches
  16 goblins
  11 hobgoblins
  14 jackals
  5 quokkas
  4 ball pythons
  A ball python skeleton (D:4)
  14 bats
  6 frilled lizards
  15 kobolds
  A leopard gecko zombie (D:3)
  A quokka skeleton (D:3)
  9 rats
  A fungus (Lair:2)
486 creatures vanquished.

Vanquished Creatures (others)
  An ogre (D:8)
  A centaur (Volcano)
  A howler monkey (D:8)
  A fungus (Lair:1)
4 creatures vanquished.

Grand Total: 490 creatures vanquished

Notes
Turn   | Place    | Note
-------+----------+-------------------------------------------
     0 | D:1      | Peloso the Minotaur Fighter began the quest for the Orb.
     0 | D:1      | Reached XP level 1. HP: 19/19 MP: 0/0
    66 | D:1      | Reached XP level 2. HP: 20/27 MP: 1/1
   428 | D:1      | Reached XP level 3. HP: 31/33 MP: 2/2
   496 | D:1      | Reached skill level 3 in Long Blades
   807 | D:2      | Reached skill level 1 in Dodging
   916 | D:2      | Reached XP level 4. HP: 36/40 MP: 1/3
  1146 | D:2      | Reached skill level 4 in Long Blades
  1216 | D:2      | Noticed Terence
  1224 | D:2      | Killed Terence
  1257 | D:2      | Reached XP level 5. HP: 46/46 MP: 4/4
  1693 | D:3      | Found a transporter.
  1695 | D:3      | Noticed confidenceinterval's ghost (amateur DsMo)
  1705 | D:3      | Found a transporter.
  1812 | D:3      | Reached skill level 5 in Long Blades
  1975 | D:3      | Reached XP level 6. HP: 47/52 MP: 2/5
  2040 | D:3      | Found a white marble altar of Elyvilon.
  2043 | D:3      | Found an ornate altar of the Wu Jian Council.
  2046 | D:3      | Found a sacrificial altar of Ru.
  2299 | D:4      | Found a staircase to the Ecumenical Temple.
  2301 | D:4      | Noticed Dowan
  2301 | D:4      | Noticed Duvessa
  2344 | D:4      | Killed Duvessa
  2348 | D:4      | Killed Dowan
  2348 | D:4      | Reached skill level 6 in Long Blades
  2348 | D:4      | Reached skill level 5 in Shields
  2600 | Temple   | Entered the Ecumenical Temple
  2886 | D:4      | Reached XP level 7. HP: 54/60 MP: 6/6
  3054 | D:4      | Found an iron altar of Okawaru.
  3061 | D:4      | Became a worshipper of Warmaster Okawaru
  3068 | D:4      | Found an opulent altar of Gozag.
  3113 | D:5      | Entered Level 5 of the Dungeon
  3123 | D:5      | Reached skill level 5 in Armour
  3739 | D:5      | Reached skill level 7 in Long Blades
  3799 | D:5      | Found Qanat's Mayhem Merchandise.
  3912 | D:6      | Reached * piety under Okawaru
  3917 | D:6      | Reached XP level 8. HP: 48/67 MP: 5/7
  3919 | D:6      | Noticed a hippogriff
  4150 | D:6      | Found a sparkling altar of Nemelex Xobeh.
  4167 | D:6      | Killed a hippogriff
  4167 | D:6      | Reached skill level 5 in Fighting
  4555 | D:7      | Reached skill level 1 in Stealth
  4660 | D:7      | Reached skill level 8 in Long Blades
  4905 | D:7      | Reached ** piety under Okawaru
  5290 | D:7      | Reached XP level 9. HP: 65/75 MP: 8/8
  5341 | D:8      | Got a pitted war axe
  5342 | D:8      | Identified the +7 war axe "Umaome Xybi" {chop, Dex+4} (You
                  | found it on level 8 of the Dungeon)
  5355 | D:8      | Found a shimmering altar of Xom.
  5378 | D:8      | Reached skill level 9 in Long Blades
  5585 | D:8      | Reached *** piety under Okawaru
  5756 | D:8      | HP: 3/78 [orc wizard/magic dart (4)]
  6464 | D:3      | Killed confidenceinterval's ghost
  6645 | D:9      | Reached skill level 10 in Long Blades
  6659 | D:9      | HP: 2/79 [orc priest/divine providence (16)]
  6724 | D:9      | Got a faintly glowing leather armour
  6736 | D:9      | Identified the +0 leather armour "Gutuw" {rC+ Regen+} (You
                  | found it on level 9 of the Dungeon)
  6941 | D:9      | Reached **** piety under Okawaru
  6941 | D:9      | Reached XP level 10. HP: 83/86 MP: 9/9
  7161 | D:9      | Found a staircase to the Orcish Mines.
  7546 | D:9      | Reached skill level 11 in Long Blades
  7623 | D:9      | Noticed a cyclops
  7641 | D:9      | Killed a cyclops
  7641 | D:9      | Reached skill level 10 in Shields
  7647 | D:9      | Reached ***** piety under Okawaru
  7827 | D:10     | Entered Level 10 of the Dungeon
  8117 | D:10     | Noticed a two-headed ogre
  8124 | D:10     | Killed a two-headed ogre
  8134 | D:10     | Received a gift from Okawaru
  8140 | D:10     | Got a crystal triple sword {god gift}
  8141 | D:10     | Identified the +6 triple sword "Jenni" {slice, +Inv rN+++
                  | Int-4 Dex-5} (Okawaru gifted it to you on level 10 of the
                  | Dungeon)
  8167 | D:10     | Reached skill level 12 in Long Blades
  8198 | D:10     | Found a viscous altar of Jiyva.
  8240 | D:10     | Reached XP level 11. HP: 62/95 MP: 10/10
  8481 | D:10     | Found a runed translucent door.
  8487 | D:10     | Noticed a fire crab
  8620 | D:10     | Found a runed translucent gate.
  8620 | D:10     | Found a runed translucent gate.
  8620 | D:10     | Found a runed translucent gate.
  8625 | D:10     | Noticed Arixos's ghost (journeyman OpNe)
  8648 | D:10     | Found a staircase to the Lair.
  9495 | D:12     | Reached skill level 10 in Armour
  9496 | D:12     | Noticed a red ugly thing
  9508 | D:11     | Killed a red ugly thing
  9690 | D:12     | Received a gift from Okawaru
  9706 | D:12     | Got a translucent morningstar {god gift}
  9708 | D:12     | Identified the +1 morningstar of Unluduof {crush, rF+ MR+
                  | Str+3} (Okawaru gifted it to you on level 12 of the
                  | Dungeon)
 10532 | D:12     | Reached skill level 13 in Long Blades
 10537 | D:12     | Noticed a skeletal warrior
 10538 | D:12     | Noticed a skeletal warrior
 10538 | D:12     | Noticed a skeletal warrior
 10539 | D:12     | Noticed a skeletal warrior
 10557 | D:11     | Killed a skeletal warrior
 10585 | D:11     | Killed a skeletal warrior
 10596 | D:11     | Killed a skeletal warrior
 10616 | D:11     | Killed a skeletal warrior
 10881 | D:12     | Noticed a two-headed ogre
 10890 | D:12     | Killed a two-headed ogre
 10890 | D:12     | Received a gift from Okawaru
 10901 | D:12     | Noticed a skeletal warrior
 10924 | D:12     | Killed a skeletal warrior
 10931 | D:12     | Reached XP level 12. HP: 56/106 MP: 11/11
 11310 | D:12     | Reached skill level 10 in Fighting
 11442 | Lair:1   | Entered Level 1 of the Lair of Beasts
 11483 | Lair:1   | Noticed Harold
 11500 | Lair:1   | Killed Harold
 11519 | Lair:1   | Reached skill level 14 in Long Blades
 11541 | Lair:1   | Reached ****** piety under Okawaru
 11723 | Lair:1   | Noticed Grum
 11756 | Lair:1   | Killed Grum
 11891 | Lair:1   | Noticed Nergalle
 11905 | Lair:1   | Killed Nergalle
 13101 | Lair:2   | Noticed a five-headed hydra
 13613 | D:13     | Received a gift from Okawaru
 13623 | D:13     | Noticed a catoblepas
 13632 | D:13     | Killed a catoblepas
 14117 | D:13     | Found a runed translucent gate.
 14117 | D:13     | Found a runed translucent gate.
 14118 | D:13     | Found a runed translucent gate.
 14118 | D:13     | Noticed a seven-headed hydra
 14119 | D:13     | Found an opulent altar of Gozag.
 14119 | D:13     | Noticed Hiufroch's ghost (journeyman TrWz)
 14120 | D:13     | Found Viz Etul's Assorted Antiques.
 14120 | D:13     | Found Lehuw's Assorted Antiques.
 14170 | D:13     | Noticed Nessos
 14172 | D:13     | Killed Nessos
 14614 | Orc:1    | Entered Level 1 of the Orcish Mines
 14635 | Orc:1    | Reached XP level 13. HP: 117/117 MP: 12/12
 15062 | Orc:1    | Found Qusuad's Antique Armour Emporium.
 15504 | Lair:2   | Found a staircase to the Shoals.
 16186 | Lair:3   | Reached skill level 15 in Long Blades
 16372 | Lair:3   | Found a hole to the Spider Nest.
 16851 | Lair:4   | You fall into a shaft and drop 2 floors!
 16851 | Lair:6   | Entered Level 6 of the Lair of Beasts
 16884 | Lair:6   | Found a dark tunnel.
 16893 | Volcano  | Entered a volcano
 17014 | Volcano  | Slain by a salamander

Levels and vault maps discovered:
D:1:      saegor_arrival_under_anarchy, layout_basic, chequers_arboretum
D:2:      minmay_thinvault, layout_basic, first_ration, uniq_terence
D:3:      kennysheep_the_goblin_king, layout_rooms,
          grunt_temple_overflow_diamond, gammafunk_ghost_mausoleum
D:4:      layout_loops_ring, amethyst_overflow_temple_binary,
          minmay_temple_entry_junction, uniq_duvessa
D:5:      layout_cave_pools, minmay_shop_mayhem
D:6:      layout_loops_ring, lemuel_doored_altar, kennysheep_generic_room_4
D:7:      layout_basic, the_bakery, st_stairs_6
D:8:      layout_rooms, xom_confusion_cloud, minmay_misc_feat_plants
D:9:      layout_roguey [special_room_orc], erik_orc_3,
          kennysheep_generic_room_8
D:10:     gammafunk_mikee_crab_dinner, layout_long_grid,
          grunt_lair_entry_orc_guard_hut, gammafunk_ghost_spectres,
          jiyva_altar_1
D:11:     layout_basic, chequers_decorated_corner, kennysheep_another_room
D:12:     layout_big_octagon, serial_co_window_serial, co_window_corner_a,
          co_window_paths_b, co_window_corner_a, co_window_paths_a,
          co_window_of_opportunity_a, co_window_broadway_a,
          co_window_broadway_c, co_window_unsneaky_path_e, co_window_corner_cb,
          co_window_paths_e, co_window_4corner_b, glass_columns_a,
          glass_columns_a, glass_columns_a
D:13:     layout_loops_corners, ebering_ghost_gozag,
          wad_floor_pattern_untrapped, minmay_hedge_maze, david_greed,
          uniq_nessos
Temple:   regret_index_temple_waves
Lair:1:   layout_small_grid, infiniplex_staircase_pool_2, grunt_megastairs_2,
          uniq_grum, uniq_nergalle, uniq_harold
Lair:2:   beast_lair_carwin_large_1, layout_long_grid, minmay_shoals_entry_hut,
          chequers_serial_rivers_micro_d
Lair:3:   layout_chaotic_city, spider_nest_entry_webs, beast_lair_carwin_7
Lair:4:   layout_regular_city, bobbens_ice_dragon_lair
Lair:6:   guppyfry_lair_end_dragon, layout_regular_city,
          dpeg_slime_entry_enclosed_altar, enter_volcano_2
Orc:1:    layout_diamond_mine, serial_shops, nicolae_shop_crystal
Volcano:  volcano_village

Table legend:
 A = Non-vault XP
 B = Vault XP
 C = Vault XP percentage of total XP
 D = Non-vault monster count
 E = Vault monster count
 F = Vault count percentage of total count
                 A         B        C        D         E       F
            +---------+---------+-------+---------+---------+-------
      Total |   35752 |   12587 |  26.0 |     368 |     117 |  24.1
            +---------+---------+-------+---------+---------+-------
        D:1 |      58 |       0 |   0.0 |      33 |       0 |   0.0
        D:2 |     101 |      75 |  42.6 |      24 |      15 |  38.5
        D:3 |     167 |     179 |  51.7 |      32 |      11 |  25.6
        D:4 |     108 |     223 |  67.4 |       7 |       2 |  22.2
        D:5 |     505 |       0 |   0.0 |       8 |       0 |   0.0
        D:6 |     689 |       0 |   0.0 |      12 |       0 |   0.0
        D:7 |     756 |     229 |  23.2 |      15 |       1 |   6.2
        D:8 |    1368 |     369 |  21.2 |      29 |       6 |  17.1
        D:9 |    3583 |    1385 |  27.9 |      37 |      42 |  53.2
       D:10 |    3250 |     886 |  21.4 |      26 |       9 |  25.7
       D:11 |    4648 |       0 |   0.0 |      27 |       0 |   0.0
       D:12 |    5789 |       0 |   0.0 |      29 |       0 |   0.0
       D:13 |    3609 |    1380 |  27.7 |      20 |       1 |   4.8
     Lair:1 |    3609 |    2333 |  39.3 |      20 |       6 |  23.1
     Lair:2 |    3227 |    2042 |  38.8 |      16 |      11 |  40.7
     Lair:3 |    3392 |    1152 |  25.4 |      18 |       8 |  30.8
     Lair:4 |     468 |       0 |   0.0 |       3 |       0 |   0.0
      Orc:1 |     425 |       0 |   0.0 |      12 |       0 |   0.0
    Volcano |       0 |    2334 | 100.0 |       0 |       5 | 100.0
            +---------+---------+-------+---------+---------+-------
